 Dungeon Crawl Stone Soup version 0.19-a0-1007-g133f65f (webtiles) character file.

243 Implojin the Slasher (level 5, -5/45 HPs)
             Began as a Minotaur Fighter on July 20, 2016.
             Slain by Menkaure (19 damage)
             ... on level 5 of the Dungeon.
             The game lasted 00:04:24 (579 turns).

Implojin the Slasher (Minotaur Fighter)              Turns: 579, Time: 00:04:25

Health: -5/45      AC:  9    Str: 21    XL:     5   Next: 82%
Magic:  4/4        EV:  5    Int:  5    God:
Gold:   14         SH:  9    Dex: 10    Spells: 0 memorised, 4 levels left

rFire  + . .     SeeInvis .     a - +0 long sword
rCold  + . .     Gourm    .     d - +0 chain mail
rNeg   . . .     Faith    +     c - +0 shield
rPois  +         Spirit   .     (helmet restricted)
rElec  +         Dismiss  .     (no cloak)
rCorr  +         Reflect  .     (no gloves)
SustAt .         Harm     .     (no boots)
MR     .....                    l - amulet of faith
Stlth  ..........               (no ring)
                                (no ring)

@: resistant, very slightly contaminated, invisible, not resistant to hostile
enchantments, extremely unstealthy
A: retaliatory headbutt, horns 2
a: no special abilities


You were on level 5 of the Dungeon.
You were not hungry.

You visited 1 branch of the dungeon, and saw 6 of its levels.

You collected 14 gold pieces.

Inventory:

Hand Weapons
 a - a +0 long sword (weapon)
Missiles
 j - 3 curare-tipped needles
Armour
 b - a +0 scale mail
 c - a +0 shield (worn)
 d - a +0 chain mail (worn)
 i - a +0 ring mail
Jewellery
 l - an amulet of faith (around neck)
Comestibles
 f - a bread ration
 h - 2 meat rations
 n - 2 chunks of flesh


   Skills:
 - Level 3.6 Fighting
 * Level 7.5 Long Blades
 - Level 3.6 Armour
 - Level 3.6 Shields


You had 4 spell levels left.
You didn't know any spells.

Dungeon Overview and Level Annotations

Branches:
Dungeon (6/15)
 Temple: D:4-7

Altars:
Makhleb

Annotations:
D:5 Menkaure


Innate Abilities, Weirdness & Mutations

You reflexively headbutt those who attack you in melee.
You have a pair of horns on your head.


Message History

There is a large open door here.
Menkaure shouts!
Menkaure calls on the powers of darkness!
Your body is wracked with pain!
* * * LOW HITPOINT WARNING * * *
There is a large open door here.
You close the large door.
It was a potion of invisibility.
You fade into invisibility!
You are very lightly contaminated with residual magic.
Describe a (M)onster, (S)pell, s(K)ill, (A)bility, (C)ard, (I)tem, (F)eature, (G)od, (B)ranch, c(L)oud or s(T)atus?
Describe a monster; partial names and regexps are fine.
Enter a single letter to list monsters displayed by that symbol.
Describe what?
Describe a (M)onster, (S)pell, s(K)ill, (A)bility, (C)ard, (I)tem, (F)eature, (G)od, (B)ranch, c(L)oud or s(T)atus?
Okay, then.
Unknown command.
Unknown command.
It was a potion of resistance.
You feel protected.
You aren't carrying any spellbooks or scrolls.
Menkaure opens the large door.
Menkaure casts a spell at you.
You barely resist.
There is a large open door here.
You slash Menkaure!
You headbutt Menkaure, but do no damage.
Menkaure is moderately damaged.
Menkaure hits you.
* * * LOW HITPOINT WARNING * * *
Unknown command.
You completely miss Menkaure.
Menkaure is moderately damaged.
Menkaure casts a spell.
Menkaure seems to speed up.
Unknown command.
Unknown command.
You slash Menkaure!
Menkaure is severely damaged.
Menkaure hits you!!
You die...

........ ## #.....####
.#.# ###......... .#.#
#..........
.#.######.#.....#
................#
.#.######.......##
.#..........ยง##..#
.#.#.......####'@####
..........##....M...##
...#.######..........##
...#># ##............#
...#.# #..............#
...#.#
................#
...#.#
.................
##.#.#
................. #.#.#
.................


You could see Menkaure.

Vanquished Creatures
  A giant frog (D:5)
  A hound (D:2)
  An orc priest (D:3)
  An orc wizard (D:3)
  Ijyb (D:3)
  Terence (D:3)
  2 adders
  A shadow imp (D:6)
  A dart slug (D:1)
  7 orcs
  A giant cockroach (D:1)
  2 goblins
  2 hobgoblins
  A kobold (D:1)
  2 ball pythons
  A giant gecko zombie (D:5)
  2 giant newts (D:3)
  2 rats (D:2)
  A toadstool (D:1)
31 creatures vanquished.

Vanquished Creatures (others)
  3 toadstools (D:1)
3 creatures vanquished.

Grand Total: 34 creatures vanquished

Notes
Turn   | Place    | Note
-------+----------+-------------------------------------------
     0 | D:1      | Implojin the Minotaur Fighter began the quest for the Orb.
     0 | D:1      | Reached XP level 1. HP: 19/19 MP: 0/0
    22 | D:1      | Reached skill level 3 in Long Blades
    24 | D:1      | Reached XP level 2. HP: 10/26 MP: 1/1
   189 | D:2      | Found a burning altar of Makhleb.
   191 | D:2      | Reached skill level 4 in Long Blades
   191 | D:2      | Reached XP level 3. HP: 20/31 MP: 2/2
   213 | D:3      | Noticed Terence
   219 | D:3      | Killed Terence
   219 | D:3      | Reached skill level 5 in Long Blades
   219 | D:3      | Reached XP level 4. HP: 21/39 MP: 3/3
   266 | D:3      | Reached skill level 6 in Long Blades
   376 | D:3      | Reached XP level 5. HP: 28/45 MP: 4/4
   393 | D:3      | Noticed Ijyb
   408 | D:3      | Killed Ijyb
   475 | D:5      | Entered Level 5 of the Dungeon
   549 | D:5      | Noticed Menkaure
   558 | D:5      | Reached skill level 7 in Long Blades
   579 | D:5      | Slain by Menkaure

Vault maps used:
D:1:      ldierk_water_garden
D:2:      zin_scriptorium, makhleb_blood_cavern_becter
D:3:      serial_corexii_hall, corexii_hall_statues_s, corexii_hall_statues_l,
          uniq_terence, uniq_iyjb
D:4:      evilmike_ruin_ashenzari, first_bread
D:5:      kennysheep_big_flooded_room, lightli_temple_of_fire, uniq_menkaure
D:6:      kennysheep_little_box, item_on_display_a

Skill      XL: |  1  2  3  4  5 |
---------------+----------------+-----
Long Blades    | 3 4 5 6 7 |  7.5
Fighting       | |  3.6
Armour         | |  3.6
Shields        | |  3.6

Action                   |  1- 3 |  4- 6 || total
-------------------------+-------+-------++-------
Melee: Long sword        |    32 |    75 ||   107
       Headbutt          |     6 |    10 ||    16
  Use: Potion            |       |     3 ||     3
       Scroll            |       |     2 ||     2
Armor: Scale mail        |    12 |     5 ||    17
       Chain mail        |       |    16 ||    16
Dodge: Dodged            |     9 |    20 ||    29
Block: Shield            |    11 |    21 ||    32

Table legend:
 A = Turns spent in this place as a percentage of turns spent in the entire game.
 B = Non-inter-level travel turns spent in this place as a percentage of non-inter-level travel turns spent in the entire game.
 C = Inter-level travel turns spent in this place as a percentage of turns spent in this place.
 D = Turns resting spent in this place as a percentage of non-inter-level travel turns spent in this place.
 E = Turns spent auto-exploring this place as a percentage of non-inter-level travel turns spent in this place.
 F = Non-inter-level travel turns spent in this place divided by the number of levels of this place that you've seen.
                   A       B       C       D       E      F
               +-------+-------+-------+-------+-------+----------------------
         Total | 100.0 | 100.0 |   0.0 |   0.0 |   0.0 | 103.0
       Dungeon | 100.0 | 100.0 |   0.0 |   0.0 |   0.0 | 103.0
               +-------+-------+-------+-------+-------+----------------------

Table legend:
 A = Kills in this place as a percentage of kills in entire the game.
 B = Kills by you in this place as a percentage of kills by you in the entire game.
 C = Kills by friends in this place as a percentage of kills by friends in the entire game.
 D = Other kills in this place as a percentage of other kills in the entire game.
 E = Experience gained in this place as a percentage of experience gained in the entire game.
 F = Experience gained in this place divided by the number of levels of this place that you have seen.
                   A       B       C       D       E      F
               +-------+-------+-------+-------+-------+----------------------
         Total | 100.0 | 100.0 |  -nan |  -nan | 100.0 |  58.0
       Dungeon | 100.0 | 100.0 |  -nan |  -nan | 100.0 |  58.0
               +-------+-------+-------+-------+-------+----------------------
